 Seeded DCSS version 0.26.1-15-g04117e645d (webtiles) character file.

Game seed: 843649 (custom seed)

74 ty64800 the Skirmisher (level 4, 0/40 HPs)
             Began as a Hill Orc Fighter on Apr 13, 2022.
             Slain by a jackal (1 damage)
             ... on level 3 of the Dungeon.
             The game lasted 00:38:05 (2992 turns).

ty64800 the Skirmisher (Hill Orc Fighter)           Turns: 2992, Time: 00:38:07

Health: 0/40       AC:  6    Str: 19    XL:     4   Next: 28%
Magic:  4/4        EV:  9    Int:  8    God:
Gold:   120        SH:  0    Dex: 10    Spells: 3/3 levels left

rFire    . . .     SeeInvis .   (no weapon)
rCold    . . .     Faith    .   (no shield)
rNeg     . . .     Spirit   .   b - +0 scale mail
rPois    .         Reflect  .   (no helmet)
rElec    .         Harm     .   (no cloak)
rCorr    .         Rampage  .   (no gloves)
Will     .....                  (no boots)
Stlth    ..........             (no amulet)
HPRegen  0.13/turn              (no ring)
MPRegen  0.09/turn              (no ring)

@: no status effects
A: no striking features
a: no special abilities


You were on level 3 of the Dungeon.
You visited 1 branch of the dungeon, and saw 3 of its levels.

You collected 120 gold pieces.

Inventory:

Hand Weapons
 a - a +0 dagger
 h - a +0 whip
 j - a +0 hunting sling
 l - a +0 short sword
 p - a +0 club
 s - a +0 dagger
 x - a +0 club
 z - a +0 quarterstaff
Missiles
 n - 27 arrows
 r - 53 stones (quivered)
 v - 26 bolts
Armour
 b - a +0 scale mail (worn)
 c - a +0 kite shield
 m - a +0 leather armour
 q - a +0 cloak
 y - a +0 chain mail
Jewellery
 w - an uncursed amulet of reflection
Scrolls
 e - 3 scrolls of remove curse
 i - 2 scrolls of enchant weapon {unknown}
 o - a scroll of fear {unknown}
 t - 2 scrolls of identify
 u - a scroll of noise {unknown}
Potions
 d - a potion of might
 f - a potion of magic {unknown}
 g - 2 potions of curing {unknown}
 k - a potion of degeneration {unknown}


   Skills:
 - Level 4.1 Fighting
 - Level 3.0 Axes
 + Level 3.6 Armour
 - Level 0.1 Dodging
 + Level 2.1 Stealth
 + Level 3.7 Shields


You had 3 spell levels left.
You didn't know any spells.
Your spell library was empty.

Dungeon Overview and Level Annotations

Branches:
Dungeon (3/15)

Altars:
Cheibriados
Okawaru

Annotations:
D:2 1 exclusion


Message History

You barely miss the jackal.
The jackal bites you but does no damage.
The jackal barely misses you. The giant cockroach closely misses you.
The jackal bites you but does no damage.
The jackal barely misses you. The jackal bites you.
* * * LOW HITPOINT WARNING * * *
The giant cockroach barely misses you.
Throw: 54 stones
Press: ? - help, Q - select action Shift-Dir - straight line, f - jackal
Aim: a jackal (50% to hit)
You throw a stone. The stone closely misses the jackal.
The jackal bites you but does no damage. x3
The giant cockroach bites you.
* * * LOW HITPOINT WARNING * * *
Unknown command.
The jackal closely misses you. The jackal barely misses you.
The jackal bites you.
* * * LOW HITPOINT WARNING * * *
The jackal bites you.
You die...

############
#...@hB...(#
#...hh.....#
#...o......#
#..........#
#..........#
+..........#
#..........#
#..........#.....#
#..........#.....


You could see an orc, 3 jackals and a giant cockroach.

Vanquished Creatures
  2 adders (D:2)
  A leopard gecko (D:2)
  An orc (D:3)
  2 ball pythons (D:2)
  6 giant cockroaches
  11 goblins
  6 hobgoblins
  2 jackals (D:1)
  5 kobolds
  A quokka (D:3)
  6 bats
  3 frilled lizards
  4 rats
50 creatures vanquished.

Notes
Turn   | Place    | Note
-------+----------+-------------------------------------------
     0 | D:1      | ty64800 the Hill Orc Fighter began the quest for the Orb.
     0 | D:1      | Reached XP level 1. HP: 19/19 MP: 1/1
   302 | D:1      | Reached skill level 4 in Fighting
   303 | D:1      | Reached XP level 2. HP: 26/27 MP: 2/2
  1784 | D:2      | Reached skill level 1 in Stealth
  1784 | D:2      | Reached XP level 3. HP: 33/33 MP: 3/3
  2296 | D:2      | Found an iron altar of Okawaru.
  2305 | D:2      | Found a snail-covered altar of Cheibriados.
  2319 | D:2      | Reached XP level 4. HP: 39/40 MP: 4/4
  2992 | D:3      | HP: 1/40 [jackal (3)]
  2992 | D:3      | Slain by a jackal

Illustrated notes

Levels and vault maps discovered:
D:1:      saegor_arrival_simple_c, layout_loops_ring
D:2:      layout_loops_cross, lemuel_crystal_altar, lemuel_doored_altar
D:3:      layout_basic, nicolae_tso_carved_into_rock

Skill      XL: |  1  2  3 |
---------------+----------+-----
Fighting       | 4 |  4.1
Axes           | 3 |  3.0
Stealth        | 1 2 |  2.1
Armour         | |  3.6
Dodging        | |  0.1
Shields        | |  3.7

Action                   |  1- 3 |  4- 6 || total
-------------------------+-------+-------++-------
Melee: War axe           |    95 |    12 ||   107
       Unarmed           |       |   131 ||   131
Throw: Stone             |     4 |     3 ||     7
  Use: Scroll            |     3 |     1 ||     4
       Potion            |     2 |       ||     2
Armor: Scale mail        |    50 |   121 ||   171
Dodge: Dodged            |    36 |   106 ||   142
Block: Kite shield       |    36 |       ||    36
       Buckler           |     8 |     5 ||    13
